 Dungeon Crawl Stone Soup version 0.29.0-4-gdea44cf6ec (webtiles) character file.

Game seed: 18066439879502493558

72 qw the Chopper (level 4, 0/35 (36) HPs)
             Began as a Barachi Chaos Knight on Sept 4, 2022.
             Slain by an orc
             ... wielding a +0 whip
              (1 damage)
             ... on level 3 of the Dungeon.
             The game lasted 00:01:00 (2351 turns).

qw the Chopper (Barachi Chaos Knight)               Turns: 2351, Time: 00:01:01

HP:   0/35 (36)     AC:  8    Str: 16    XL:     4   Next: 26%
MP:   4/4           EV: 11    Int: 12    God:
Gold: 56            SH:  0    Dex: 11    Spells: 3/3 levels left

rFire   . . .      SeeInvis .   Y - +0 hand axe (chaos)
rCold   . . .      Faith    .   (no shield)
rNeg    . . .      Spirit   .   i - +0 chain mail
rPois   .          Reflect  .   (no helmet)
rElec   .          Harm     .   (no cloak)
rCorr   .          Rampage  .   (no gloves)
Will    .....                   (no boots)
Stlth   ..........              (no amulet)
HPRegen 0.11/turn               d - +4 ring of evasion
MPRegen 0.09/turn               (no ring)

@: lightly drained, unable to read, slow
A: amphibious, slowness 1, strong legs 1, +LOS, screaming 1, wild magic 1,
inability to drink after injury 1, inability to read after injury 1
a: Hop


You were on level 3 of the Dungeon.
You visited 1 branch of the dungeon, and saw 3 of its levels.

You collected 56 gold pieces.


Innate Abilities, Weirdness & Mutations

You are amphibious.
You cover ground slowly.
You can hop short distances.
You have an extended range of vision and can be seen from far away.
You occasionally shout uncontrollably at your foes.
Your spells are a little harder to cast, but a little more powerful.
You occasionally lose the ability to drink potions when taking damage.
You occasionally lose the ability to read scrolls when taking damage.


   Skills:
 - Level 3.6 Fighting
 + Level 5.5 Axes
 - Level 2.4 Armour
 - Level 1.1 Dodging


You had 3 spell levels left.
You didn't know any spells.
Your spell library was empty.

Inventory:

Hand Weapons
 h - a +0 whip
 Y - a +0 hand axe of chaos (weapon)
Armour
 i - a +0 chain mail (worn)
Jewellery
 d - a +4 ring of evasion (left hand)
Scrolls
 a - a scroll of identify
Potions
 j - 3 potions of curing
 k - a potion of degeneration {unknown}
 l - a potion of might {unknown}
Miscellaneous
 c - a piece from Xom's chessboard (15/15)

Dungeon Overview and Level Annotations

Branches:
Dungeon (3/15)

Altars:

Shops:
D:1 ?


Message History

The goblin barely misses you. The quokka barely misses you.
2346 ||| DRINKING potion of heal wounds.
You feel much better. The gnoll misses you.
The quokka bites you but does no damage.
The gnoll closely misses you. The goblin hits you but does no damage.
You hit the goblin.
The goblin is heavily wounded.
You closely miss the quokka. You closely miss the hobgoblin.
The quokka barely misses you.
The gnoll hits you from afar with a +0 spear.
The hobgoblin hits you but does no damage.
The gnoll hits you from afar with a +1 vorpal halberd!
The goblin closely misses you. The quokka bites you.
You slash the goblin!
You kill the goblin!
You hit the quokka.
You feel better.
You kill the quokka!
You hit the hobgoblin. You burn the hobgoblin.
The gnoll hits you from afar with a +1 vorpal halberd!
The hobgoblin hits you. The gnoll closely misses you.
You hit the hobgoblin.
You kill the hobgoblin!
The gnoll completely misses you.
The gnoll hits you from afar with a +1 vorpal halberd.
The gnoll closely misses you.
The gnoll hits you from afar with a +0 spear.
The gnoll barely misses you.
The gnoll hits you from afar with a +0 spear.
Things that are here:
a +0 dagger; a scroll of identify; a goblin corpse You hit the gnoll.
The gnoll is poisoned.
The gnoll is moderately wounded.
You barely miss the rat. You closely miss the orc. The rat barely misses you.
The gnoll hits you with a +1 vorpal halberd.
You feel threatened and lose the ability to read scrolls!
The gnoll closely misses you. The orc hits you with a +0 whip.
You die...
Xom roars with laughter!

............>......
....<..............
...................
...................
.............(..##.
...................
..........<........
.......%r.....#....
.......)@%....#
........gog...#
..............#
..............#
...............#
...............#
.........).....#
...............#
...............#


You could see 2 gnolls, an orc and a rat.

Vanquished Creatures
  A gnoll (D:3)
  An adder (D:2)
  A worm (D:2)
  2 dart slugs (D:1)
  3 bats
  2 endoplasms (D:2)
  3 giant cockroaches (D:1)
  6 goblins
  4 hobgoblins
  2 quokkas
  5 ball pythons
  3 frilled lizards
  9 kobolds
  3 rats
45 creatures vanquished.

Notes
Turn   | Place    | Note
-------+----------+-------------------------------------------
     0 | D:1      | qw the Barachi Chaos Knight began the quest for the Orb.
     0 | D:1      | Reached XP level 1. HP: 18/18 MP: 1/1
     0 | D:1      | 0 ||| qw: Version: 0.1-a-103-gd6f5d3a
     0 | D:1      | 0 ||| qw: Game counter: 5414
     0 | D:1      | 0 ||| qw: Always use a shield: true
     0 | D:1      | 0 ||| qw: God list: Okawaru
     0 | D:1      | 0 ||| qw: Allow faded altars: false
     0 | D:1      | 0 ||| qw: Do Orc after D:15 true
     0 | D:1      | 0 ||| qw: Do second Lair branch before Depths: true
     0 | D:1      | 0 ||| qw: Lair rune preference: random
     0 | D:1      | 0 ||| qw: Plans: Normal
     0 | D:1      | 0 ||| PLANNING D:1-11
     0 | D:1      | Fell from the grace of Xom
   335 | D:1      | 335 ||| Stepping ~*~*~tactically~*~*~ (stealth).
   368 | D:1      | XOM: give mutations
   368 | D:1      | Gained mutation: Your spells are a little harder to cast,
                  | but a little more powerful. [Xom's mischief]
   368 | D:1      | Gained mutation: You are dopey. (Int -2) [Xom's mischief]
   408 | D:1      | Reached XP level 2. HP: 24/24 MP: 2/2
   431 | D:1      | Reached skill level 4 in Axes
   561 | D:1      | 561 ||| DROPPING +0 club.
   636 | D:1      | 636 ||| Stepping ~*~*~tactically~*~*~ (stealth).
   719 | D:1      | XOM: give mutations
   719 | D:1      | Gained mutation: You are weak. (Str -2) [Xom's mischief]
   719 | D:1      | Gained mutation: You occasionally lose the ability to read
                  | scrolls when taking damage. [Xom's mischief]
   719 | D:1      | Gained mutation: You occasionally shout uncontrollably at
                  | your foes. [Xom's mischief]
   773 | D:1      | 773 ||| Stepping ~*~*~tactically~*~*~ (hiding).
   850 | D:1      | Reached XP level 3. HP: 29/29 MP: 3/3
  1094 | D:1      | Found Cokkafyu's Magic Scroll Shop.
  1102 | D:1      | 1102 ||| SHOPLISTING scroll of identify (26 gold, have 19).
  1102 | D:1      | 1102 ||| SHOPLISTING scroll of teleportation (39 gold, have
                  | 19).
  1129 | D:1      | 1129 ||| UPGRADING to +0 chain mail.
  1139 | D:1      | 1139 ||| DROPPING +2 leather armour.
  1140 | D:1      | 1140 ||| UPGRADING to +4 ring of evasion.
  1141 | D:1      | 1141 ||| READING 3 scrolls labelled ASUH SIOHIO.
  1142 | D:1      | 1142 ||| READING 2 scrolls of identify.
  1142 | D:1      | 1142 ||| IDENTIFYING glowing black potion
  1143 | D:1      | 1143 ||| DROPPING potion of ambrosia.
  1233 | D:2      | 1233 ||| Stepping ~*~*~tactically~*~*~ (stealth).
  1450 | D:2      | XOM: summons 1 hostile shadow creature
  1461 | D:2      | XOM: draining
  1707 | D:2      | XOM: give mutations
  1707 | D:2      | Gained mutation: You occasionally lose the ability to drink
                  | potions when taking damage. [Xom's mischief]
  1707 | D:2      | Lost mutation: You are dopey. (Int -2) [Xom's mischief]
  1707 | D:2      | Lost mutation: You are weak. (Str -2) [Xom's mischief]
  1756 | D:2      | Reached skill level 5 in Axes
  2047 | D:2      | XOM: torment (13/26 hp)
  2246 | D:2      | Reached XP level 4. HP: 33/33 MP: 4/4
  2315 | D:2      | 2315 ||| DROPPING +6 ring of intelligence.
  2316 | D:2      | 2316 ||| READING scroll labelled REQEED NUMYERR.
  2317 | D:2      | 2317 ||| READING scroll labelled XIONLEONEN.
  2318 | D:2      | 2318 ||| DRINKING 2 clear potions.
  2319 | D:2      | 2319 ||| DRINKING 4 lumpy clear potions.
  2345 | D:3      | HP: 8/35 [gnoll/+1 vorpal halberd (1)]
  2346 | D:3      | 2346 ||| DRINKING potion of heal wounds.
  2350 | D:3      | HP: 8/35 [gnoll/+0 spear (2)]
  2351 | D:3      | HP: 3/35 [gnoll/+1 vorpal halberd (5)]
  2351 | D:3      | HP: 1/35 [gnoll/+1 vorpal halberd (2)]
  2351 | D:3      | Slain by an orc

Levels and vault maps discovered:
D:1:      saegor_arrival_under_anarchy, layout_basic, serial_shops, shop
D:2:      layout_basic
D:3:      layout_basic, mainiacjoe_overflow_tiny_flanked,
          shapermc_ecumenical_altar_venn

Skill      XL: |  1  2  3 |
---------------+----------+-----
Axes           | 4 5 |  5.5
Fighting       | |  3.6
Armour         | |  2.4
Dodging        | |  1.1

Action                   |  1- 3 |  4- 6 || total
-------------------------+-------+-------++-------
Melee: Hand axe          |   124 |    10 ||   134
       Punch             |     1 |       ||     1
Invok: Renounce Religion |     1 |       ||     1
  Use: Scroll            |     2 |     2 ||     4
       Potion            |       |     3 ||     3
Armor: Leather armour    |    19 |       ||    19
       Chain mail        |    28 |     6 ||    34
Dodge: Dodged            |    57 |    28 ||    85

Table legend:
 A = Non-vault XP
 B = Vault XP
 C = Vault XP percentage of total XP
 D = Non-vault monster count
 E = Vault monster count
 F = Vault count percentage of total count
                 A         B        C        D         E       F
            +---------+---------+-------+---------+---------+-------
      Total |     104 |       0 |   0.0 |      45 |       0 |   0.0
            +---------+---------+-------+---------+---------+-------
        D:1 |      39 |       0 |   0.0 |      22 |       0 |   0.0
        D:2 |      43 |       0 |   0.0 |      18 |       0 |   0.0
        D:3 |      22 |       0 |   0.0 |       5 |       0 |   0.0
            +---------+---------+-------+---------+---------+-------
